 Dungeon Crawl Stone Soup version 0.32-a0-859-gb0a091d592 (webtiles) character file.

Game seed: 17909069551534072799

63371 bayes525 the Ripper (level 14, -2/80 HPs)
             Began as a Felid Berserker on Mar 28, 2024.
             Was an Elder of Trog.
             Slain by an orc warrior
             ... wielding a +0 scimitar
             ... led by an orc knight
              (12 damage)
             ... on level 1 of the Orcish Mines.
             The game lasted 00:39:37 (28597 turns).

bayes525 the Ripper (Felid Berserker)              Turns: 28597, Time: 00:39:38

Health: -2/80      AC:  7    Str: 17    XL:     14   Next: 67%
Magic:  15/15      EV: 31    Int: 12    God:    Trog [****..]
Gold:   965        SH:  0    Dex: 22    Spells: 13/13 levels left
                                        Lives:  0   Deaths: 5

rFire   . .          .
                       - Unarmed
rCold   + . .        (shield unavailable)
rNeg    . . .        (body armour unavailable)
rPois   .            (helmet unavailable)
rElec   .            (cloak unavailable)
rCorr   .            (gloves unavailable)
SInv    +            (boots unavailable)
Will    ++++.        H - amulet of regeneration
Stlth   +++          a - +6 ring of dexterity
HPRegen 2.13/turn    f - +4 ring of protection
MPRegen 0.14/turn

%: no passive effects
@: blade hands, strong-willed, regenerating
A: very small, (claws 1), fangs 3, see invisible, shaggy fur 3, (stealthy paws),
no weapons or thrown items, no armour, multi-lived
a: Begin Untransformation, Renounce Religion, Berserk, Trog's Hand, Brothers in
Arms


You were on level 1 of the Orcish Mines.
You worshipped Trog.
Trog was greatly pleased with you.
You had blades for front paws.
You visited 4 branches of the dungeon, and saw 19 of its levels.

You collected 1115 gold pieces.
You spent 150 gold pieces at shops.

Inventory:

Missiles
 q - a throwing net
Jewellery
 a - a +6 ring of dexterity (left blade hand)
 d - a ring of willpower
 f - a +4 ring of protection (right blade hand)
 j - a ring of protection from cold
 k - a ring of flight
 l - a +6 ring of dexterity
 n - a ring of resist corrosion
 y - an amulet of guardian spirit
 E - a ring of ice
 H - an amulet of regeneration (around neck)
 J - a +4 ring of protection
 L - a ring of protection from fire
 N - an amulet of the acrobat
 O - a +6 ring of strength
Talismans
 D - a blade talisman (active)
Wands
 e - a wand of polymorph (10)
 g - a wand of iceblast (10)
 i - a wand of paralysis (29)
 p - a wand of flame (22)
 z - a wand of mindburst (8)
Scrolls
 b - 3 scrolls of teleportation
 c - 7 scrolls of amnesia
 o - 2 scrolls of fear
 r - a scroll of poison
 s - 2 scrolls of immolation
 A - 11 scrolls of identify
 C - a scroll of revelation
 F - 2 scrolls of fog
Potions
 h - 2 potions of enlightenment
 m - 4 potions of mutation
 t - 3 potions of invisibility
 u - 3 potions of might
 v - 2 potions of cancellation
 w - 7 potions of heal wounds
 x - 3 potions of brilliance
 B - a potion of magic
 G - a potion of curing
 I - a potion of haste {unknown}
 K - a potion of berserk rage {unknown}
 M - 3 potions of attraction


   Skills:
 - Level 12.0 Fighting
 + Level 15.0 Dodging
 - Level 5.0 Stealth
 - Level 17.0 Unarmed Combat
 - Level 3.0 Evocations
 - Level 10.0 Shapeshifting


You had 13 spell levels left.
You didn't know any spells.
Your spell library was empty.

Dungeon Overview and Level Annotations

Branches:
Dungeon (12/15)            Temple (0/1) D:7            Lair (5/5) D:9
 Shoals (0/4) Lair:2        Snake (0/4) Lair:2        Slime (1/5) Lair:5
    Orc (1/2) D:9

Altars:
Ashenzari
Qazlal
Ru
Uskayaw

Shops:
D:6 *   D:11 *   D:12 !((*:

Portals:
Trove: D:10 (give horn of Geryon)

Annotations:
Lair:5 exclusion: obsidian statue


Innate Abilities, Weirdness & Mutations

You have blades for front paws.
((You have sharp claws.))
You have razor-sharp teeth.
You have supernaturally acute eyesight. (SInv)
Your thick and shaggy fur keeps you warm. (AC +3, rC+)
((Your paws help you pounce on unaware monsters.))
You are incapable of wielding weapons or throwing items.
You cannot wear armour.
You gain extra lives every three experience levels.


Message History

The elephant barely misses you. The elephant completely misses you.
The elephant tramples you.
You hold your ground!
The elephant closely misses you.
You shred the elephant!!!
The elephant is almost dead.
You hit the elephant. You slash the elephant.
You bite the elephant, but do no damage.
The elephant is almost dead.
The elephant closely misses you. The elephant misses you. x2
The elephant barely misses you.
You slash the elephant!
You kill the elephant!
Trog accepts your kill.
You slash the elephant!
The elephant is moderately wounded.
The elephant tramples you!
You hold your ground!
The elephant closely misses you.
You take 7 damage, and have 83/120 hp.
You hit the elephant.
The elephant is moderately wounded.
You slash the elephant!
The elephant is heavily wounded.
The elephant misses you. The elephant trunk-slaps you.
You slash the elephant!
The elephant is severely wounded.
You slice the elephant!! You bite the elephant.
The elephant is almost dead.
The elephant tramples you but does no damage.
The elephant completely misses you.
You slice the elephant!!
You feel the power of Trog in you as your rage grows.
You kill the elephant!
Trog accepts your kill.
Training target 16.0 for Unarmed Combat reached!
Your Unarmed Combat skill increases to level 16!
You need to enable at least one skill for training.
You regained 2 hp, and now have 89/120 hp.
You feel a strong urge to attack something.
You now have 898 gold pieces (gained 15).
You are no longer berserk.
You are exhausted.
You feel yourself slow down.
You now have 61/80 hp.
You start resting.
HP restored.
Health restored: 80 You start waiting.
You feel the effects of Trog's Hand fading.
You start waiting.
Your skin stops crawling.
You feel less strong-willed.
You start waiting.
You feel yourself speed up.
L - a ring of protection from fire
There are no items here.
You see here an elephant corpse.
Could not explore, unopened door.
Could not explore, unopened door.
Could not explore, unopened door.
You open the door.
There is an open door here.
You recover from your berserk rage.
A necromancer comes into view. It is wielding a +0 dagger.
A necromancer is nearby!
A necromancer is nearby!
A necromancer is nearby!
Found 4 stones.
There is an open door here.
The necromancer completely misses you.
You barely miss the necromancer. The necromancer misses you.
You hit the necromancer.
The necromancer is lightly wounded.
You slash the necromancer!
The necromancer is moderately wounded.
The necromancer mumbles some strange words.
The necromancer binds the souls of nearby monsters.
You barely miss the necromancer.
The necromancer is moderately wounded.
The necromancer misses you.
You slash the necromancer! You slash the necromancer.
The necromancer is severely wounded.
The necromancer barely misses you.
You shred the necromancer!!!
You kill the necromancer!
Trog accepts your kill.
Trog appreciates your killing of a magic user.
Things that are here:
a +0 dagger; a +0 robe You start waiting.
Done waiting.
You start waiting.
Done waiting.
There is an open door here.
There is an open gate here.
There is an open gate here.
You see here an elephant skeleton.
You see here a cane toad skeleton.
You see here a cane toad skeleton.
Could not explore, unopened door.
Could not explore, unopened door.
Could not explore, unopened door.
Could not explore, unopened door.
You open the door.
An elephant simulacrum and a death yak simulacrum come into view.
Found a potion of might.
There is an open door here.
Found a book of Necromancy.
The helpless elephant simulacrum fails to defend itself.
You shred the elephant simulacrum!!!
The elephant simulacrum vaporises!
Trog accepts your kill.
Okay, then.
Unknown command.
The death yak simulacrum completely misses you.
You slice the death yak simulacrum!!
The death yak simulacrum is heavily damaged.
The death yak simulacrum misses you.
You slice the death yak simulacrum!!
The death yak simulacrum vaporises!
Trog accepts your kill.
Okay, then.
u - 3 potions of might (gained 1)
There is an open door here.
There is a large open door here.
There is a large open door here.
The necromancer casts a spell at you.
You easily resist.
A necromancer is nearby!
A necromancer is nearby!
Things that are here:
a dire elephant skeleton; a dire elephant skeleton; a dire elephant skeleton
There are monsters nearby!
There are monsters nearby!
You see here a dire elephant skeleton.
There is an open door, spattered with blood here.
The necromancer gestures at you while chanting.
You easily resist.
The spectral anaconda completely misses you.
The spectral anaconda bites you.
You take 5 damage, and have 75/80 hp.
You slash the necromancer! You slash the necromancer!!
The necromancer is severely wounded.
The necromancer completely misses you.
The spectral anaconda completely misses you. x2
You shred the necromancer!!!
You kill the necromancer!
Trog accepts your kill.
Trog appreciates your killing of a magic user.
The spectral anaconda closely misses you.
The spectral anaconda misses you.
You hit the spectral anaconda.
The spectral anaconda is lightly damaged.
The spectral anaconda closely misses you.
The spectral anaconda bites you!
You take 6 damage, and have 70/80 hp.
You slice the spectral anaconda!!
You bite the spectral anaconda, but do no damage.
The spectral anaconda is moderately damaged.
The spectral anaconda completely misses you. x4
You slice the spectral anaconda!!
The spectral anaconda is almost destroyed.
The spectral anaconda grabs you. The spectral anaconda misses you.
The spectral anaconda constricts you.
You take 3 damage, and have 68/80 hp.
You barely miss the spectral anaconda. You slash the spectral anaconda!
You destroy the spectral anaconda!
Trog accepts your kill.
You enter the shallow water.
Moving in this stuff is going to be slow.
You start resting.
HP restored.
Health restored: 80 You start waiting.
Done waiting.
There is a large broken door here.
There is a large broken door here.
You enter the shallow water.
Moving in this stuff is going to be slow.
Things that are here:
a +0 dagger; a +0 robe
There is an open door, spattered with blood here.
You see here a dire elephant skeleton.
There is a large open door here.
There is a large open door here.
You see here a cane toad skeleton.
There is an open gate here.
There is a stone staircase leading up here.
A death yak simulacrum comes into view.
A death yak simulacrum is nearby!
A death yak simulacrum is nearby!
A death yak simulacrum is nearby!
You slash the death yak simulacrum!
The death yak simulacrum is moderately damaged.
You slice the death yak simulacrum!!
The death yak simulacrum is severely damaged.
The death yak simulacrum gores you! The death yak simulacrum freezes you!
You resist.
You take 33 damage, and have 47/80 hp.
MASSIVE DAMAGE!!
You slash the death yak simulacrum!
The death yak simulacrum vaporises!
Trog accepts your kill.
You start resting.
HP restored.
Health restored: 80
m - 4 potions of mutation (gained 1)
You see here a +0 giant spiked club.
Partly explored, can't reach some places.
Partly explored, can't reach some places.
Partly explored, can't reach some places.
Partly explored, can't reach some places.
There is a staircase to the Slime Pits here.
You climb downwards.
Welcome to the Pits of Slime!
This branch is unnaturally silent: sounds travel farther here.
This branch contains the slimy rune of Zot.
Found a stone staircase leading down.
There is a staircase back to the Lair here.
The rockslime quivers.
You climb upwards.
Welcome back to the Lair of Beasts!
Level annotation: exclusion: obsidian statue
There is a staircase to the Slime Pits here.
What level of the Dungeon? (default 9, ? - help)
There is a staircase to the Slime Pits here.
There is a stone staircase leading up, spattered with blood here.
You see here a wyvern skeleton.
You climb upwards.
There is a stone staircase leading down here.
There is a stone staircase leading up here.
You climb upwards.
There is a stone staircase leading down here.
There is a stone staircase leading up here.
You climb upwards.
There is a stone staircase leading down here.
There is a stone staircase leading up here.
You climb upwards.
There is a stone staircase leading down here.
You enter the shallow water.
Moving in this stuff is going to be slow.
There is a staircase back to the Dungeon here.
You climb upwards.
Welcome back to the Dungeon!
There is a staircase to the Lair here.
Done exploring.
Done exploring.
Things that are here:
a +0 chain mail; a +2 morningstar of holy wrath; a +0 short sword
There is a stone staircase leading down here.
You climb downwards.
There is a stone staircase leading up here.
Done exploring.
Done exploring.
There is a stone staircase leading down here.
You climb downwards.
There is a stone staircase leading up here.
Done exploring.
Done exploring.
Done exploring.
There is a stone staircase leading down here.
You climb downwards.
There is a stone staircase leading up here.
Found a book of Dreams.
A yak comes into view.
A yak is nearby!
A yak comes into view. 2 yaks come into view.
Found a stone staircase leading up.
The yak bellows! x2
A vampire mosquito comes into view.
The yak bellows! x2; You hear an angry buzzing noise.
A vampire mosquito comes into view.
The yak misses you. The yak barely misses you.
The vampire mosquito buzzes angrily.
You slice the yak!!
The yak is severely wounded.
The yak gores you but does no damage. The yak misses you.
You hit the yak but do no damage.
The yak is severely wounded.
The yak completely misses you. x2
You barely miss the yak.
The yak is severely wounded.
A vampire mosquito comes into view.
You slice the yak!!
You kill the yak!
Trog accepts your kill. The yak completely misses you. The yak gores you.
The yak barely misses you.
You take 2 damage, and have 78/80 hp.
You slash the yak!
The yak is heavily wounded.
The vampire mosquito completely misses you.
The yak barely misses you. The yak gores you. The yak completely misses you.
The vampire mosquito completely misses you.
You take 3 damage, and have 75/80 hp.
You slash the yak! You slash the yak, but do no damage.
The yak is severely wounded.
The vampire mosquito bites you but does no damage.
The vampire mosquito completely misses you.
You hit the yak.
The yak is severely wounded.
The vampire mosquito completely misses you.
The vampire mosquito bites you!
The vampire mosquito draws strength from your injuries!
The yak gores you! The yak gores you but does no damage.
The yak completely misses you. The vampire mosquito barely misses you.
You take 23 damage, and have 53/80 hp.
MASSIVE DAMAGE!!
You slice the yak!!
You kill the yak!
Trog accepts your kill.
The vampire mosquito closely misses you.
The vampire mosquito bites you.
The vampire mosquito draws strength from your injuries!
The yak barely misses you. The yak gores you but does no damage.
The vampire mosquito barely misses you.
You take 6 damage, and have 47/80 hp.
The vampire mosquito misses you.
The vampire mosquito attacks as it pursues you!
The vampire mosquito misses you. The vampire mosquito bites you.
The vampire mosquito draws strength from your injuries!
The vampire mosquito completely misses you.
The vampire mosquito bites you but does no damage.
The vampire mosquito attacks as it pursues you!
The vampire mosquito bites you.
The vampire mosquito draws strength from your injuries!
The vampire mosquito misses you. x2
You take 4 damage, and have 44/80 hp.
The vampire mosquito misses you.
The vampire mosquito completely misses you. x2
The vampire mosquito completely misses you. x2
The vampire mosquito completely misses you.
The vampire mosquito attacks as it pursues you!
The vampire mosquito completely misses you.
The vampire mosquito bites you but does no damage.
You regained 2 hp, and now have 51/80 hp.
You are too injured to fight recklessly!
You are too injured to fight recklessly!
You are too injured to fight recklessly!
You are too injured to fight recklessly!
You are too injured to fight recklessly!
You slice the vampire mosquito!! You bite the vampire mosquito.
The vampire mosquito is severely damaged.
The vampire mosquito completely misses you.
You miss the vampire mosquito. You bite the vampire mosquito.
The vampire mosquito is almost destroyed.
The vampire mosquito completely misses you.
The vampire mosquito bites you!
The vampire mosquito draws strength from your injuries!
You take 6 damage, and have 45/80 hp.
You miss the vampire mosquito. You slash the vampire mosquito!
You destroy the vampire mosquito!
Trog accepts your kill.
The vampire mosquito completely misses you.
You shred the vampire mosquito!!!
You destroy the vampire mosquito!
Trog accepts your kill.
You closely miss the vampire mosquito.
The vampire mosquito completely misses you.
You slash the vampire mosquito! Your slash misses the vampire mosquito.
The vampire mosquito is moderately damaged.
The vampire mosquito misses you.
You miss the vampire mosquito. Your bite misses the vampire mosquito.
The vampire mosquito is moderately damaged.
The vampire mosquito closely misses you.
The vampire mosquito completely misses you.
You slash the vampire mosquito!
You slash the vampire mosquito, but do no damage.
The vampire mosquito is almost destroyed.
The vampire mosquito closely misses you.
You slash the vampire mosquito!
You destroy the vampire mosquito!
Trog accepts your kill.
You slash the yak! x2
The yak is almost dead.
The yak misses you.
You shred the yak!!!
You kill the yak!
Trog accepts your kill.
You slice the yak!!
The yak is heavily wounded.
You slice the yak!!
You kill the yak!
Trog accepts your kill.
Things that are here:
a yak corpse; a vampire mosquito corpse You start resting.
HP restored.
Health restored: 80 You start waiting.
Done waiting.
You start waiting.
Done waiting.
You start waiting.
Done waiting.
M - a potion of attraction You now have 917 gold pieces (gained 19).
Found Nenoet's Antique Weapon Boutique.
Urug the Orcish Ballista comes into view.
She is wielding a +2 demon trident.
Urug shouts!
Urug is nearby!
Urug is nearby!
Found Redos's Distillery.
Your skin crawls.
You feel strong-willed.
Urug throws a javelin.
The javelin pierces through you!!
You take 26 damage, and have 54/80 hp.
MASSIVE DAMAGE!!
A red film seems to cover your vision as you go berserk!
You feel yourself moving faster!
You feel mighty!
Urug throws a javelin.
The javelin pierces through you.
You now have 77/120 hp.
You feel a strong urge to attack something.
Urug misses you.
You regained 2 hp, and now have 79/120 hp.
You closely miss Urug. You bite Urug, but do no damage. You barely miss Urug.
Urug completely misses you.
You miss Urug. You bite Urug!
Urug is lightly wounded.
You shred Urug!!! You bite Urug, but do no damage.
Urug is almost dead.
Urug completely misses you.
You slice Urug!!
You kill Urug!
Trog accepts your kill.
Found a stone staircase leading down.
A slime creature comes into view.
Items here: ( ) [ †.
You regained 2 hp, and now have 86/120 hp.
You feel a strong urge to attack something.
A slime creature is nearby!
A slime creature is nearby!
A slime creature is nearby!
A slime creature is nearby!
Found 14 gold pieces.
You are no longer berserk.
You are exhausted.
You feel yourself slow down.
You now have 59/80 hp.
A slime creature comes into view.
You regained 4 hp, and now have 63/80 hp.
The slime creature closely misses you.
A slime creature comes into view.
You regained 3 hp, and now have 66/80 hp.
The slime creature quivers.
You slash the slime creature! You bite the slime creature.
The slime creature is moderately wounded.
The slime creature completely misses you.
You regained 2 hp, and now have 68/80 hp.
You hit the slime creature but do no damage.
The slime creature is moderately wounded.
The slime creature completely misses you.
Two slime creatures merge to form a large slime creature.
You regained 2 hp, and now have 70/80 hp.
You barely miss the large slime creature.
You bite the large slime creature.
The large slime creature is lightly wounded.
You regained 2 hp, and now have 72/80 hp.
You regained 3 hp, and now have 75/80 hp.
You regained 3 hp, and now have 78/80 hp.
Health restored: 80 You feel the effects of Trog's Hand fading.
The large slime creature completely misses you.
The large slime creature hits you!
You take 7 damage, and have 73/80 hp.
The large slime creature attacks as it pursues you!
The large slime creature misses you.
Two slime creatures merge to form a very large slime creature.
You regained 3 hp, and now have 76/80 hp.
You regained 3 hp, and now have 79/80 hp.
Your skin stops crawling.
You feel less strong-willed.
Health restored: 80 A very large slime creature splits.
The slime creature attacks as it pursues you!
The slime creature hits you!
You take 13 damage, and have 67/80 hp.
The slime creature misses you.
The large slime creature completely misses you.
You regained 2 hp, and now have 69/80 hp.
The large slime creature attacks as it pursues you!
The large slime creature closely misses you.
The slime creature attacks as it pursues you!
The slime creature completely misses you.
You regained 2 hp, and now have 71/80 hp.
The slime creature attacks as it pursues you!
The slime creature hits you! The slime creature closely misses you.
You take 15 damage, and have 56/80 hp.
The large slime creature attacks as it pursues you!
The large slime creature completely misses you. x2
The slime creature attacks as it pursues you!
The slime creature misses you.
You regained 2 hp, and now have 59/80 hp.
The large slime creature attacks as it pursues you!
The large slime creature barely misses you.
The slime creature completely misses you.
The large slime creature completely misses you.
You regained 2 hp, and now have 61/80 hp.
The large slime creature attacks as it pursues you!
The large slime creature barely misses you.
Two slime creatures merge to form a very large slime creature.
You regained 2 hp, and now have 64/80 hp.
The very large slime creature attacks as it pursues you!
The very large slime creature barely misses you.
You regained 2 hp, and now have 66/80 hp.
The very large slime creature attacks as it pursues you!
The very large slime creature barely misses you.
The very large slime creature closely misses you.
The very large slime creature attacks as it pursues you!
The very large slime creature completely misses you.
You regained 2 hp, and now have 69/80 hp.
You feel yourself speed up.
The very large slime creature misses you.
You regained 2 hp, and now have 71/80 hp.
The very large slime creature closely misses you.
There is a stone staircase leading up here.
The very large slime creature completely misses you.
You climb upwards.
There is a stone staircase leading down here.
You regained 3 hp, and now have 75/80 hp.
Items here: ÷÷÷÷.
Health restored: 80 The very large slime creature attacks as it pursues you!
The very large slime creature hits you!!!
Ouch! That really hurt!
* * * LOW HITPOINT WARNING * * *
You take 60 damage, and have 20/80 hp.
MASSIVE DAMAGE!!
Okay, then.
There is a stone staircase leading up here.
You climb upwards.
You recover from your berserk rage.
There is a stone staircase leading down here.
You regained 3 hp, and now have 25/80 hp.
You start resting.
HP restored.
Health restored: 80 You start waiting.
Done waiting.
You start waiting.
Done waiting.
You climb downwards.
The very large slime creature barely misses you.
A very large slime creature splits.
There is a stone staircase leading up here.
You hit the slime creature.
The slime creature is lightly wounded.
A large slime creature splits.
You barely miss the slime creature. You bite the slime creature.
The slime creature is lightly wounded.
The slime creature closely misses you.
Your skin crawls.
You feel strong-willed.
You can no longer call in reinforcements.
The slime creature misses you.
The slime creature hits you but does no damage.
The slime creature completely misses you.
A red film seems to cover your vision as you go berserk!
You feel yourself moving faster!
You feel mighty! The slime creature closely misses you.
The slime creature hits you but does no damage.
The slime creature completely misses you.
You now have 120/120 hp.
You slash the slime creature!
The slime creature is moderately wounded.
The slime creature hits you but does no damage.
The slime creature hits you.
You take 6 damage, and have 114/120 hp.
You slice the slime creature!! You bite the slime creature!
The slime creature is severely wounded.
The slime creature closely misses you.
You shred the slime creature!!!
You kill the slime creature!
Trog accepts your kill.
The slime creature completely misses you. x2
You slice the slime creature!! You slash the slime creature!!
The slime creature is severely wounded.
You shred the slime creature!!!
You kill the slime creature!
Trog accepts your kill. The slime creature misses you.
You slice the slime creature!!
The slime creature is heavily wounded.
You slice the slime creature!!
You kill the slime creature!
Trog accepts your kill.
Health restored: 120 No target in view!
You start waiting.
You feel a strong urge to attack something.
You start waiting.
You feel your anger nearly subside.
You are no longer berserk.
You are exhausted.
You feel yourself slow down.
You now have 80/80 hp.
You start waiting.
You feel the effects of Trog's Hand fading.
You start waiting.
Your skin stops crawling.
You feel less strong-willed.
You start waiting.
You feel yourself speed up.
You start waiting.
You recover from your berserk rage.
You start waiting.
Done waiting.
Items here: ÷÷÷÷.
A wraith is nearby!
You can't go down here!
A wraith is nearby!
A wraith is nearby!
You can't go down here!
You can't go down here!
The wraith completely misses you. The wraith barely misses you.
You hit the wraith but do no damage. You barely miss the wraith.
You slash the wraith.
The wraith is lightly damaged.
The wraith hits you. The wraith drains your vigour!
You feel yourself slow down.
You take 2 damage, and have 78/80 hp.
You slice the wraith!!
The wraith is severely damaged.
The wraith completely misses you.
You closely miss the wraith.
The wraith is severely damaged.
The wraith misses you.
Health restored: 80 You hit the wraith.
Your slash misses the wraith.
The wraith is severely damaged.
The wraith completely misses you.
You closely miss the wraith. Your slash misses the wraith.
The wraith is severely damaged.
The wraith closely misses you.
You slice the wraith!!
You destroy the wraith!
Trog accepts your kill.
There is a stone staircase leading down here.
You start waiting.
You feel yourself speed up.
You start waiting.
Done waiting.
You climb downwards.
There is a stone staircase leading up here.
Found a stone staircase leading down.
There is an entrance to Nenoet's Antique Weapon Boutique here.
Unknown command.
A slime creature comes into view.
A slime creature is nearby!
There is an entrance to Nenoet's Antique Weapon Boutique here.
A slime creature comes into view.
You see here 14 gold pieces.
You now have 931 gold pieces (gained 14).
You barely miss the slime creature. You slash the slime creature!!
The slime creature is moderately wounded.
The slime creature barely misses you.
You slash the slime creature!
The slime creature is heavily wounded.
You slash the slime creature!
The slime creature is severely wounded.
The slime creature completely misses you.
You shred the slime creature!!!
You kill the slime creature!
Trog accepts your kill.
You slice the slime creature!!
The slime creature is heavily wounded.
You shred the slime creature!!!
You kill the slime creature!
Trog accepts your kill.
You start waiting.
Done waiting.
You start waiting.
M - 3 potions of attraction (gained 2)
Found 6 stones.
There is an entrance to Redos's Distillery here.
Unknown command.
You see here 6 stones.
N - an amulet of the acrobat A troll comes into view.
A troll comes into view.
The troll shouts! x2
You slice the troll!!
The troll is heavily wounded.
The troll misses you. The troll completely misses you. x2
You barely miss the troll.
The troll is heavily wounded.
You closely miss the troll. You bite the troll.
The troll is heavily wounded.
The troll misses you. The troll completely misses you. The troll claws you!
You take 9 damage, and have 71/80 hp.
You slash the troll!
The troll is severely wounded.
The troll misses you. The troll claws you but does no damage.
The troll completely misses you.
You hit the troll. You bite the troll, but do no damage.
The troll is severely wounded.
The troll completely misses you. x2; The troll barely misses you. x2
The troll misses you. x2
You hit the troll. You slash the troll, but do no damage.
The troll is almost dead.
You closely miss the troll.
The troll is almost dead.
The troll completely misses you. The troll misses you.
The troll barely misses you. The troll bites you! The troll closely misses you.
The troll completely misses you.
You take 12 damage, and have 61/80 hp.
You hit the troll.
You kill the troll!
Trog accepts your kill. The troll completely misses you.
The troll closely misses you. The troll claws you.
You slice the troll!!
The troll is severely wounded.
You slash the troll! Your slash misses the troll. You bite the troll.
You kill the troll!
Trog accepts your kill.
The troll leather armour is intact enough to wear.
Things that are here:
a +0 troll leather armour; a troll corpse You regained 2 hp, and now have 65/80 hp.
You start resting.
HP restored.
Health restored: 80 You start waiting.
Done waiting.
You start waiting.
Done waiting.
A red ugly thing comes into view.
The red ugly thing gurgles horribly!
A red ugly thing is nearby!
A red ugly thing is nearby!
A red ugly thing is nearby!
Found Hagoq's Antique Weapon Emporium.
The red ugly thing completely misses you.
You completely miss the red ugly thing. You bite the red ugly thing.
The red ugly thing is lightly wounded.
The red ugly thing completely misses you.
You hit the red ugly thing. Your bite misses the red ugly thing.
The red ugly thing is lightly wounded.
The red ugly thing misses you.
You slash the red ugly thing! You slash the red ugly thing.
You bite the red ugly thing.
The red ugly thing is moderately wounded.
You hit the red ugly thing.
The red ugly thing is heavily wounded.
The red ugly thing stings you!
You are engulfed in flames!
You take 26 damage, and have 54/80 hp.
MASSIVE DAMAGE!!
You closely miss the red ugly thing. You bite the red ugly thing.
The red ugly thing is heavily wounded.
The red ugly thing misses you.
You slash the red ugly thing!
The red ugly thing is severely wounded.
The red ugly thing completely misses you.
You slice the red ugly thing!!
You kill the red ugly thing!
Trog accepts your kill.
You can now call in reinforcements.
You see here an ugly thing corpse.
You start resting.
HP restored.
Health restored: 80 You start waiting.
Done waiting.
You start waiting.
Done waiting.
There is an empty arch of ancient stone here.
There is an entrance to Hagoq's Antique Weapon Emporium here.
Unknown command.
Snorg the Insatiable comes into view.
Snorg is nearby!
Snorg is nearby!
Snorg is nearby!
The helpless Snorg fails to defend herself.
You shred Snorg!!!!
Snorg is almost dead.
Snorg closely misses you. Snorg misses you. x2
You hit Snorg.
Snorg is almost dead.
You slash Snorg!
You kill Snorg!
Trog accepts your kill.
You start waiting.
Done waiting.
You now have 946 gold pieces (gained 15).
Nergalle, Lorekeeper of the Fallen comes into view.
She is wielding a +0 dagger.
Nergalle is nearby!
Nergalle is nearby!
Nergalle is nearby!
Found a book of Blood.
Nergalle hits you with a +0 dagger.
You take 1 damage, and have 79/80 hp.
You closely miss Nergalle. Nergalle hits you but does no damage.
Health restored: 80 You slash Nergalle! x2
Nergalle is moderately wounded.
You barely miss Nergalle.
Nergalle is moderately wounded.
Nergalle misses you.
You shred Nergalle!!!
You kill Nergalle!
Trog accepts your kill.
Trog appreciates your killing of a magic user.
Things that are here:
a +0 dagger; a +0 robe You now have 965 gold pieces (gained 19).
Found a sling.
Found a stone staircase leading down.
O - a +6 ring of strength
Found Sudd's Book Boutique.
There is an entrance to Sudd's Book Boutique here.
Unknown command.
Found a scroll of noise.
Could not explore, unopened door.
As you open the door, it creaks loudly!
There is an open door here.
You open the door. You open the door.
There is an open door here.
As you open the door, it creaks loudly!
There is an open door here.
You open the door.
There is an open door here.
You see here a yak skeleton.
Things that are here:
a +0 robe; a +0 dagger; an orc skeleton
There is a stone staircase leading up here.
A troll comes into view.
A troll is nearby!
A troll is nearby!
A troll is nearby!
A troll is nearby!
A troll is nearby! 2 yaks come into view.
A yak comes into view.
The yak bellows! x2; The troll shouts!
The yak bellows!
The troll completely misses you. The troll claws you.
The troll completely misses you.
You take 1 damage, and have 79/80 hp.
You slash the troll! You bite the troll.
The troll is moderately wounded.
The troll bites you but does no damage. The troll claws you.
The troll completely misses you.
You take 3 damage, and have 76/80 hp.
You shred the troll!!!
You kill the troll!
Trog accepts your kill.
You hit the yak but do no damage. You slash the yak! You bite the yak.
The yak is moderately wounded.
The yak completely misses you.
You slice the yak!!
You kill the yak!
Trog accepts your kill. The yak completely misses you. The yak misses you.
You slice the yak!!
The yak is severely wounded.
Health restored: 80 You closely miss the yak.
You slash the yak!
The yak is almost dead.
The yak gores you. The yak closely misses you.
You take 2 damage, and have 78/80 hp.
You slash the yak!
You kill the yak!
Trog accepts your kill.
You barely miss the yak. The yak closely misses you.
You barely miss the yak. Your bite misses the yak. The yak gores you!
You take 9 damage, and have 70/80 hp.
You slice the yak!!
The yak is severely wounded.
You slice the yak!!
You kill the yak!
Trog accepts your kill.
No target in view!
You start resting.
HP restored.
Health restored: 80 You start waiting.
You can no longer call in reinforcements.
A centaur comes into view.
A centaur is nearby!
A centaur is nearby!
A centaur is nearby!
A centaur is nearby!
The helpless centaur fails to defend itself.
You shred the centaur!!!
You kill the centaur!
Trog accepts your kill.
Training target 17.0 for Unarmed Combat reached!
Your Unarmed Combat skill increases to level 17!
You need to enable at least one skill for training.
Found a dagger.
You see here a +0 dagger.
Found a stone staircase leading up.
Things that are here:
a +0 shortbow; a centaur corpse You see here a book of Blood.
Found Kuterenn's Assorted Antiques.
There is an entrance to Kuterenn's Assorted Antiques here.
You can access your shopping list by pressing '$'.
Unknown command.
You see here a book of Blood.
Done exploring.
Done exploring.
Done exploring.
Done exploring.
Done exploring.
There is a stone staircase leading down here.
What level of the Orcish Mines? (default 1, ? - help)
Things that are here:
a +0 dagger; a +0 robe
There is an entrance to Hagoq's Antique Weapon Emporium here.
There is an empty arch of ancient stone here.
There is a stone staircase leading up here.
You climb upwards.
There is a stone staircase leading down here.
There is a stone staircase leading up here.
You climb upwards.
There is a stone staircase leading down here.
There is a stone staircase leading up here.
You climb upwards.
There is a stone staircase leading down here.
Things that are here:
a +0 leather armour; a +0 morningstar; a +0 whip
Things that are here:
a +0 robe; a +0 dagger; an orc skeleton
Items here: )))) [ ÷÷.
Things that are here:
a +0 falchion; a +0 club; an orc skeleton
Items here: )) [ ÷.
There is an open door here.
There is a staircase to the Orcish Mines here.
You climb downwards.
Welcome to the Orcish Mines!
The orc warrior shouts!
The orc shouts!
The orc warrior shouts! x2
The orc wizard shouts!
You hear a shout!
Found 45 gold pieces.
Found a stone staircase leading down.
There is a staircase back to the Dungeon here.
There are monsters nearby!
An orc knight comes into view. It is wielding a +0 long sword.
The orc knight shouts!
The orc completely misses you.
An orc warrior comes into view. It is wielding a +0 scimitar.
An orc comes into view. It is wielding a +0 trident.
The orc shouts!
The orc knight shouts!
The orc warrior shouts!
You slice the orc!!
You kill the orc!
Trog accepts your kill.
You hear a shout!
There is a staircase back to the Dungeon here.
You slice the orc warrior!!
You kill the orc warrior!
Trog accepts your kill.
The orc knight roars a battlecry!
The orcs go into a battle-frenzy!
The orc knight roars a battlecry!
The orc knight goes into a battle-frenzy!
You completely miss the orc warrior. The orc warrior completely misses you.
You slash the orc warrior!
The orc warrior is moderately wounded.
You shred the orc warrior!!!
You kill the orc warrior!
Trog accepts your kill.
You can now call in reinforcements.
The orc warrior completely misses you. The orc knight closely misses you.
An orc wizard comes into view. It is wielding a +0 dagger.
You hit the orc. You slash the orc.
You kill the orc!
Trog accepts your kill. The orc knight closely misses you.
An orc comes into view. It is wielding a +0 dagger.
You shred the orc warrior!!!
You kill the orc warrior!
Trog accepts your kill.
You hit the orc wizard but do no damage.
The orc warrior completely misses you. The orc wizard closely misses you.
The orc knight barely misses you.
You completely miss the orc wizard. You bite the orc wizard.
The orc wizard is lightly wounded.
The orc completely misses you. The orc warrior misses you.
The orc wizard gestures wildly while chanting.
The orc wizard flickers and vanishes for a moment.
The orc knight barely misses you.
Your skin crawls.
You feel strong-willed. The orc warrior misses you.
The orc completely misses you. The orc wizard misses you.
The orc knight hits you with a +3 war axe of freezing!!
The orc knight freezes you.
You take 30 damage, and have 50/80 hp.
MASSIVE DAMAGE!!
You shred the orc wizard!!!
You kill the orc wizard!
Trog accepts your kill.
Trog appreciates your killing of a magic user.
The orc completely misses you.
You regained 2 hp, and now have 52/80 hp.
The orc warrior attacks as it pursues you!
The orc warrior misses you. The orc misses you.
Items here: $ ))))) [[[[ ††††.
You regained 2 hp, and now have 54/80 hp.
You slash the orc knight!
The orc knight is lightly wounded.
The orc warrior completely misses you. The orc knight completely misses you.
The orc misses you. The orc knight completely misses you.
You barely miss the orc knight. You bite the orc knight.
The orc knight is lightly wounded.
The orc completely misses you. The orc warrior closely misses you.
The orc knight hits you with a +3 war axe of freezing!!!
* * * LOW HITPOINT WARNING * * *
The orc knight hits you with a +0 long sword!
* * * LOW HITPOINT WARNING * * *
You take 47 damage, and have 8/80 hp.
MASSIVE DAMAGE!!
You are too injured to fight recklessly!
You are too injured to fight recklessly!
The orc completely misses you.
The orc warrior hits you with a +0 scimitar!
You die...

## #..........
....$.#.......
.#..........#
##..........##
#...#........#
#............
##..)oo......
#..#..ooo....#..
......>@$o......
#......oo#.....#
.....#....#....#
...............#
................
.........$.....#
.#.......##..###
.......## ...


You could see 2 orc knights, 2 orc warriors, an orc wizard (strong, invisible)
and 3 orcs.

Vanquished Creatures
  Kirke (Lair:3)
  4 dire elephants (Lair:5)
  Snorg (D:12)
  2 hydras
  2 boulder beetles
  2 catoblepae
  Erica (D:8)
  3 two-headed ogres
  11 death yaks
  Urug (D:12)
  Sonja (Lair:1)
  Nergalle (D:12)
  A skyshark (Lair:3)
  A spectral anaconda (Lair:5)
  3 necromancers (Lair:5)
  A cyclops (D:11)
  An ugly thing (D:12)
  A merfolk siren (Lair:2)
  11 elephants
  A black mamba (Lair:5)
  A gargoyle (D:11)
  7 rime drakes
  A torpor snail (Lair:5)
  11 cane toads
  7 komodo dragons
  A polar bear (Lair:5)
  7 trolls
  A hornet (D:9)
  Prince Ribbit (D:6)
  16 dream sheep
  17 blink frogs
  Sigmund (D:3)
  5 slime creatures
  2 wraiths
  A vampire (D:9)
  62 yaks
  6 wyverns
  10 basilisks
  2 steam dragons
  5 vampire mosquitoes
  4 death yak simulacra (Lair:5)
  2 spectral cane toads (Lair:5)
  12 water moccasins
  4 black bears
  6 orc warriors
  4 sky beasts
  An ice beast (D:6)
  20 wolves
  2 centaurs
  4 kobold brigands
  10 bullfrogs
  2 gnoll sergeants
  A cane toad simulacrum (Lair:5)
  3 scorpions
  4 wights (D:8)
  2 elephant simulacra (Lair:5)
  5 killer bees (D:10)
  4 howler monkeys
  4 electric eels
  A bombardier beetle (D:3)
  2 hounds
  8 orc priests
  4 jellies
  An iguana (D:4)
  Ijyb (D:3)
  17 orc wizards
  2 hell rats (D:9)
  Robin (D:3)
  15 gnolls
  3 river rats (D:9)
  7 adders
  A shadow imp (D:7)
  A white imp (D:8)
  2 ufetubi (D:6)
  A ribbon worm (D:2)
  A dart slug (D:2)
  68 orcs
  8 ball pythons
  6 bats
  7 endoplasms
  4 giant cockroaches
  14 goblins
  8 hobgoblins
  10 jackals
  6 quokkas
  4 frilled lizards
  28 kobolds
  6 rats
545 creatures vanquished.

Vanquished Creatures (others)
  A yak (Lair:3)
  5 humans (Lair:3)
6 creatures vanquished.

Grand Total: 551 creatures vanquished

Notes
Turn   | Place    | Note
-------+----------+-------------------------------------------
     0 | D:1      | bayes525 the Felid Berserker began the quest for the Orb.
     0 | D:1      | Reached XP level 1. HP: 12/12 MP: 2/2
   288 | D:1      | Reached XP level 2. HP: 16/16 MP: 3/3
   578 | D:1      | Reached skill level 4 in Unarmed Combat
   632 | D:1      | Reached XP level 3. HP: 11/20 MP: 4/4
  1403 | D:2      | Reached XP level 4. HP: 24/24 MP: 5/5
  1403 | D:2      | Gained a life (2 lives remaining)
  1512 | D:2      | Reached ** piety under Trog
  1513 | D:2      | Reached skill level 5 in Unarmed Combat
  2015 | D:3      | Identified the +0 helmet of the Everdark {Slay+2}
  2015 | D:3      | Noticed Robin
  2026 | D:3      | Killed Robin
  2027 | D:3      | Reached XP level 5. HP: 29/29 MP: 6/6
  2315 | D:3      | Noticed Sigmund
  2323 | D:3      | Killed Sigmund
  2324 | D:3      | Reached skill level 6 in Unarmed Combat
  2324 | D:3      | Gained mutation: You are covered in thick fur. (AC +2)
                  | [Felid growth]
  2324 | D:3      | Reached XP level 6. HP: 16/33 MP: 7/7
  2805 | D:3      | Reached skill level 7 in Unarmed Combat
  2818 | D:3      | Found a sacrificial altar of Ru.
  2866 | D:3      | Noticed Ijyb
  2876 | D:3      | Killed Ijyb
  3308 | D:4      | Reached skill level 5 in Dodging
  3308 | D:4      | Reached XP level 7. HP: 11/37 MP: 8/8
  4250 | D:5      | Entered Level 5 of the Dungeon
  4649 | D:5      | Reached skill level 8 in Unarmed Combat
  4713 | D:5      | Reached *** piety under Trog
  5157 | D:5      | Reached skill level 9 in Unarmed Combat
  5157 | D:5      | Reached XP level 8. HP: 42/42 MP: 9/9
  5617 | D:6      | Noticed Prince Ribbit
  5628 | D:6      | Killed Prince Ribbit
  5792 | D:6      | Noticed an angel
  5804 | D:6      | Reached skill level 10 in Unarmed Combat
  5805 | D:6      | Found Ycuomp's Hallowed Reliquary.
  5848 | D:6      | Bought a potion of curing for 30 gold pieces
  5848 | D:6      | Bought 2 potions of heal wounds for 100 gold pieces
  5865 | D:6      | Found a stormy altar of Qazlal.
  6002 | D:7      | Found a staircase to the Ecumenical Temple.
  6708 | D:7      | Reached skill level 5 in Stealth
  6708 | D:7      | Reached XP level 9. HP: 18/45 MP: 10/10
  6712 | D:7      | HP: 9/69 [poisoned by a water moccasin]
  6715 | D:7      | HP: 2/46 [poisoned by a water moccasin]
  7832 | D:7      | Reached skill level 5 in Fighting
  8350 | D:8      | Found a broken altar of Ashenzari.
  8350 | D:8      | Found a hide-covered altar of Uskayaw.
  8607 | D:8      | Noticed a two-headed ogre
  8612 | D:8      | HP: 7/70 [two-headed ogre/+0 giant spiked club (6)]
  8615 | D:8      | Slain by a two-headed ogre
  8615 | D:8      | Lost a life (1 life remaining)
  8792 | D:8      | Reached skill level 10 in Dodging
  9232 | D:8      | Killed a two-headed ogre
  9360 | D:8      | Reached skill level 11 in Unarmed Combat
  9558 | D:8      | Noticed Erica
  9571 | D:8      | Killed Erica
  9572 | D:8      | Reached XP level 10. HP: 14/53 MP: 11/11
  9572 | D:8      | Gained a life (2 lives remaining)
  9573 | D:8      | HP: 11/79 [poisoned by Erica (bolt of poison)]
  9575 | D:8      | HP: 5/53 [poisoned by Erica (bolt of poison)]
  9578 | D:8      | HP: 2/53 [poisoned by Erica (bolt of poison)]
 10198 | D:9      | Reached skill level 12 in Unarmed Combat
 10270 | D:9      | HP: 10/79 [yak (2)]
 10272 | D:9      | Slain by a yak
 10272 | D:9      | Lost a life (1 life remaining)
 11083 | D:9      | Found a staircase to the Lair.
 11122 | D:9      | Found a staircase to the Orcish Mines.
 11946 | D:9      | Reached skill level 13 in Unarmed Combat
 12048 | D:9      | Noticed a two-headed ogre
 12055 | D:9      | Killed a two-headed ogre
 12372 | D:10     | Entered Level 10 of the Dungeon
 12385 | D:10     | Reached XP level 11. HP: 58/58 MP: 12/12
 12385 | D:10     | Gained a life (2 lives remaining)
 12664 | D:10     | Reached skill level 14 in Unarmed Combat
 12737 | D:10     | Noticed a two-headed ogre
 12746 | D:10     | Killed a two-headed ogre
 12818 | D:10     | Found a portal to a secret trove of treasure.
 14394 | D:11     | Reached **** piety under Trog
 14876 | D:11     | Found Jipsemics's General Store.
 15109 | D:11     | Bought a scroll of identify for 20 gold pieces
 15260 | D:12     | Reached skill level 15 in Unarmed Combat
 15606 | Lair:1   | Entered Level 1 of the Lair of Beasts
 16137 | Lair:1   | Gained mutation: Your thick and shaggy fur keeps you warm.
                  | (AC +3, rC+) [Felid growth]
 16137 | Lair:1   | Reached XP level 12. HP: 61/67 MP: 13/13
 16246 | Lair:1   | Reached skill level 10 in Fighting
 16246 | Lair:1   | Reached skill level 1 in Evocations
 16277 | Lair:1   | Noticed Sonja
 16292 | Lair:1   | Killed Sonja
 16436 | Lair:1   | Reached skill level 1 in Shapeshifting
 17399 | Lair:2   | Found a staircase to the Snake Pit.
 17467 | Lair:2   | Noticed a seven-headed hydra
 17483 | Lair:2   | Killed a seven-headed hydra
 17853 | Lair:2   | Reached skill level 5 in Shapeshifting
 18225 | Lair:2   | Noticed a boulder beetle
 18245 | Lair:2   | Killed a boulder beetle
 18991 | Lair:2   | Found a staircase to the Shoals.
 19132 | Lair:2   | Identified the +8 mace of the Shifting King {antimagic,
                  | rN++ Will- rCorr Stlth+}
 19136 | Lair:3   | Noticed Kirke
 19206 | Lair:3   | Killed Kirke
 19509 | Lair:3   | Noticed a catoblepas
 19526 | Lair:3   | HP: 9/100 [catoblepas (9)]
 19527 | Lair:3   | Slain by a catoblepas
 19527 | Lair:3   | Lost a life (1 life remaining)
 19594 | Lair:3   | Reached XP level 13. HP: 50/72 MP: 10/14
 19594 | Lair:3   | Gained a life (2 lives remaining)
 21119 | Lair:4   | HP: 7/72 [yak (6)]
 21120 | Lair:4   | Slain by a yak
 21120 | Lair:4   | Lost a life (1 life remaining)
 21650 | Lair:4   | Reached skill level 10 in Shapeshifting
 23133 | Lair:5   | Entered Level 5 of the Lair of Beasts
 23480 | Lair:5   | Found a staircase to the Slime Pits.
 23777 | Lair:4   | Reached XP level 14. HP: 47/80 MP: 15/15
 23924 | Lair:5   | HP: 15/120 [death yak (24)]
 23926 | Lair:5   | HP: 6/120 [death yak (11)]
 24553 | Lair:5   | Reached skill level 15 in Dodging
 25292 | Lair:5   | HP: 13/117 [dire elephant (16)]
 25295 | Lair:5   | HP: 3/120 [spectral anaconda (12)]
 25295 | Lair:5   | Slain by a spectral anaconda
 25295 | Lair:5   | Lost a life (0 lives remaining)
 25314 | Lair:5   | Reached skill level 16 in Unarmed Combat
 25986 | Slime:1  | Entered Level 1 of the Pits of Slime
 25986 | Slime:1  | Noticed an acid blob
 25986 | Slime:1  | Noticed a rockslime
 26545 | D:12     | Found Nenoet's Antique Weapon Boutique.
 26549 | D:12     | Noticed Urug
 26551 | D:12     | Found Redos's Distillery.
 26559 | D:12     | Killed Urug
 27603 | D:12     | Found Hagoq's Antique Weapon Emporium.
 27841 | D:12     | Noticed Snorg
 27850 | D:12     | Killed Snorg
 27995 | D:12     | Noticed Nergalle
 28002 | D:12     | Killed Nergalle
 28040 | D:12     | Found Sudd's Book Boutique.
 28355 | D:12     | Reached skill level 17 in Unarmed Combat
 28434 | D:12     | Found Kuterenn's Assorted Antiques.
 28580 | Orc:1    | Entered Level 1 of the Orcish Mines
 28596 | Orc:1    | HP: 8/80 [orc knight/+0 long sword (13)]
 28597 | Orc:1    | Slain by an orc warrior

Illustrated notes

Levels and vault maps discovered:
D:1:      amcnicky_arrival_flooded_fountain, layout_rooms, nicolae_hexahallways,
          minmay_pentomino_v2
D:2:      layout_basic, nicolae_figureground_pulse
D:3:      layout_basic, marbit_many_paths, uniq_robin, uniq_sigmund, uniq_ijyb
D:4:      layout_loops_ring, nrook_uturn, chequers_avenue
D:5:      layout_loops_ring
D:6:      layout_rooms, lemuel_doored_altar, chequers_serial_rivers_micro_d,
          nicolae_good_shop, uniq_prince_ribbit1
D:7:      layout_layer_cave, minmay_temple_entry_glass
D:8:      layout_basic, nicolae_overflow_two_pavilions, uniq_erica
D:9:      layout_loops_ring, dpeg_lair_monsters, hiddenorc2_lemuel
D:10:     layout_cave_pools, nicolae_trove_entry_diagonal,
          serial_library_hellmonk_room_c, kennysheep_nondescript,
          reono_crystal_passage
D:11:     layout_basic, serial_shops, nicolae_stop_n_shop_1
D:12:     layout_cave_pods, serial_shops, nicolae_shop_dealshenge, shop,
          nicolae_shop_crystal, nicolae_shop_back_alley_shop, shop,
          serial_library_hellmonk_filled_rooms, uniq_snorg, uniq_nergalle,
          uniq_urug
Lair:1:   layout_regular_city, infiniplex_staircase_pool_2,
          serial_bayou_shore_a, uniq_sonja
Lair:2:   layout_concentric_octagons, elwin_shoals_entry_rooms,
          dummy_snake_entry, enter_volcano_2, nzn_sisyphean_effort
Lair:3:   layout_cave_pods, beast_lair_carwin_4, uniq_kirke
Lair:4:   layout_cave_pods, grunt_megastairs_1
Lair:5:   due_jungle_book, layout_long_grid, slime_entry_1
Slime:1:  layout_caves, nicolae_slime_barrier
Orc:1:    layout_caves, basic_altar, serial_shops, shop

Skill      XL: |  1  2  3  4  5  6  7  8  9 10 11 12 13 14 |
---------------+-------------------------------------------+-----
Unarmed Combat | 4 5 6 7 9 10 11 13 15 17 | 17.0
Fighting       | 4 6 7 9 10 12 | 12.0
Dodging        | 5 6 8 10 11 12 13 15 | 15.0
Stealth        | 5 |  5.0
Evocations     | 3 |  3.0
Shapeshifting  | 8 10 | 10.0

Action                     |  1- 3 |  4- 6 |  7- 9 | 10-12 | 13-15 || total
---------------------------+-------+-------+-------+-------+-------++-------
  Melee: Unarmed           |    63 |   131 |   282 |   623 |   520 ||  1619
         Punch             |     1 |     5 |     7 |    43 |    68 ||   124
         Bite              |     4 |    11 |    32 |    91 |   104 ||   242
 Invoke: Berserk           |     2 |     6 |    13 |    23 |    15 ||    59
         Trog's Hand       |       |     5 |     8 |    16 |    13 ||    42
  Evoke: Wand              |       |       |       |     1 |     1 ||     2
    Use: Scroll            |       |     7 |     7 |     6 |     4 ||    24
         Potion            |       |       |     1 |       |       ||     1
   Stab: Sleeping          |     5 |     2 |     7 |    10 |     7 ||    31
         Distracted        |       |       |       |     1 |       ||     1
         Petrified         |       |       |       |       |     2 ||     2
 Armour: Skin              |    11 |    47 |    98 |   192 |   199 ||   547
  Dodge: Dodged            |    67 |    99 |   289 |   684 |   562 ||  1701
   Form: Blade             |       |       |       |       |     2 ||     2
                           |       |       |       |       |     1 ||     1

Table legend: (Time is in decaauts)
 A = Elapsed time spent in this place.
 B = Non-inter-level travel time spent in this place.
 C = Inter-level travel time spent in this place.
 D = Time resting spent in this place.
 E = Time spent auto-exploring this place.
 F = Levels seen in this place.
 G = Mean time per level.
                   A        B        C        D        E       F      G
               +--------+--------+--------+--------+--------+-----+--------+
         Total |  28760 |  27952 |    808 |  15558 |   7933 |  19 | 1513.7 |
       Dungeon |  18274 |  17754 |    520 |  10126 |   5115 |  12 | 1522.8 |
          Lair |  10471 |  10184 |    287 |   5431 |   2818 |   5 | 2094.2 |
    Slime Pits |      1 |      1 |      0 |      0 |      0 |   1 |    1.0 |
  Orcish Mines |     13 |     13 |      0 |      0 |      0 |   1 |   13.0 |
               +--------+--------+--------+--------+--------+-----+--------+

Top non-repeatable levels by time:
     D:8: 2689 daAuts
  Lair:4: 2573 daAuts
  Lair:5: 2394 daAuts
    D:12: 2188 daAuts
     D:7: 2012 daAuts
    D:11: 1952 daAuts
  Lair:3: 1892 daAuts
  Lair:1: 1813 daAuts
     D:9: 1807 daAuts
  Lair:2: 1798 daAuts
    D:10: 1563 daAuts
     D:5: 1400 daAuts
     D:3: 1256 daAuts
     D:4: 1253 daAuts
     D:1: 1140 daAuts
